 Dungeon Crawl Stone Soup version 0.29.1-12-g30fa7ad0bf (webtiles) character file.

Game seed: 16237692419503750333

391 Spolavi the Digger (level 6, -2/33 HPs)
             Began as a Gargoyle Earth Elementalist on Jan 5, 2023.
             Slain by a gnoll
             ... wielding a +0 halberd
             ... led by a gnoll bouda
              (11 damage)
             ... on level 4 of the Dungeon.
             The game lasted 00:16:34 (4326 turns).

Spolavi the Digger (Gargoyle Earth Elementalist)    Turns: 4326, Time: 00:16:36

Health: -2/33      AC:  7    Str: 11    XL:     6   Next: 80%
Magic:  17/21      EV: 11    Int: 18    God:
Gold:   116        SH:  0    Dex: 10    Spells: 11/14 levels left

rFire   . . .      SeeInvis .   h - staff of earth
rCold   . . .      Faith    .   (no shield)
rNeg    + . .      Spirit   .   i - +0 leather armour
rPois   ∞          Reflect  .   (no helmet)
rElec   +          Harm     .   (no cloak)
rCorr   .          Rampage  .   (no gloves)
Will    .....                   (no boots)
Stlth   ++........              (no amulet)
HPRegen 0.11/turn               q - ring of magical power
MPRegen 0.17/turn               (no ring)

@: no status effects
A: sickness immunity, AC +4, negative energy resistance 1, electricity
resistance, torment resistance 1, petrification resistance
a: no special abilities


You were on level 4 of the Dungeon.
You visited 1 branch of the dungeon, and saw 4 of its levels.

You collected 116 gold pieces.

Inventory:

Missiles
 c - 34 stones
Armour
 a - a +0 robe
 f - a +0 scale mail
 i - a +0 leather armour (worn)
Magical Staves
 h - a staff of earth (weapon)
 l - a staff of death
 s - a staff of earth
Jewellery
 q - a ring of magical power (left hand)
 u - a ring of see invisible
Wands
 m - a wand of roots (6)
 n - a wand of quicksilver (8)
 v - a wand of polymorph (13)
Scrolls
 d - a scroll of teleportation {unknown}
 e - 3 scrolls of identify {unknown}
 g - a scroll of poison {unknown}
 o - a scroll of torment {unknown}
 p - 2 scrolls of immolation {unknown}
Potions
 b - 2 potions of magic
 j - a potion of lignification {unknown}
 k - a potion of attraction {unknown}
 r - a potion of brilliance {unknown}
 t - a potion of curing {unknown}


   Skills:
 + Level 0.4 Fighting
 + Level 0.5 Staves
 - Level 1.5 Dodging
 - Level 2.1 Stealth
 + Level 4.5 Spellcasting
 + Level 0.7 Transmutations
 * Level 6.8 Earth Magic


You had 11 spell levels left.
You knew the following spells:

 Your Spells              Type           Power      Damage    Failure   Level
a - Sandblast             Erth           86%        2d18      1%          1
b - Passwall              Tmut/Erth      21%        N/A       6%          2

Your spell library contained the following spells:

 Spells                   Type           Power      Damage    Failure   Level
 Beastly Appendage        Tmut           12%        N/A       14%         1
 Stone Arrow              Conj/Erth      48%        3d10      14%         3
 Shock                    Conj/Air       16%        1d4       19%         1
 Wereblood                Tmut           6%         N/A       21%         2
 Static Discharge         Conj/Air       4%         3-4/arc   28%         2
 Lee's Rapid Deconstruct  Erth           21%        3d13*     30%         5
 Petrify                  Tmut/Erth      26%        N/A       36%         4
 Spider Form              Tmut/Pois      5%         N/A       43%         3
 Swiftness                Air            4%         N/A       50%         3
 Airstrike                Air            2%         2d(1-17)  88%         4
 Dispel Undead            Necr           4%         3d7       88%         4
 Fulminant Prism          Conj/Hex       2%         3d6       88%         4
 Iskenderun's Mystic Bla  Conj/Tloc      4%         2d3       88%         4
 Sticky Flame             Conj/Fire      4%         2d3       88%         4


Dungeon Overview and Level Annotations

Branches:
Dungeon (4/15)
 Temple: D:4-7

Altars:


Innate Abilities, Weirdness & Mutations

You are immune to sickness and miasma.
Your stone body is resilient. (AC +4)
You are immune to poison.
You resist negative energy. (rN+)
You are resistant to electric shocks. (rElec)
You are resistant to unholy torment.
You are immune to petrification.


Message History

The gnoll bouda hits you with a +0 whip.
The gnoll barely misses you.
Casting: Sandblast (safe; 1% risk of failure)
Confirm with . or Enter, or press ? or * to list all spells.
Aiming: Sandblast (safe; 1% risk of failure)
Press: ? - help, Shift-Dir - straight line, f/p - gnoll bouda
Aim: a gnoll bouda, wielding a +0 whip and wearing a +0 robe (heavily wounded, 87% to hit)
You feel a surge of power!
The blast of sand hits the gnoll bouda!
You kill the gnoll bouda!
The gnoll closely misses you.
Casting: Sandblast (safe; 1% risk of failure)
Confirm with . or Enter, or press ? or * to list all spells.
Aiming: Sandblast (safe; 1% risk of failure)
Press: ? - help, Shift-Dir - straight line, f - gnoll
Aim: a gnoll, wielding a +0 club (87% to hit)
You feel a surge of power!
The blast of sand hits the gnoll!!
You kill the gnoll!
Your attacks no longer feel as feeble.
The gnoll misses you.
The gnoll hits you from afar with a +0 halberd.
The gnoll misses you. The gnoll hits you but does no damage.
Casting: Sandblast (safe; 1% risk of failure)
Confirm with . or Enter, or press ? or * to list all spells.
Aiming: Sandblast (safe; 1% risk of failure)
Press: ? - help, Shift-Dir - straight line, f - gnoll
Aim: a gnoll, wielding a +0 spear (87% to hit)
You feel a surge of power!
The blast of sand hits the gnoll!
You kill the gnoll!
The gnoll hits you from afar with a +0 halberd!
* * * LOW HITPOINT WARNING * * *
Something bites the bush but does no damage.
Casting: Sandblast (safe; 1% risk of failure)
Confirm with . or Enter, or press ? or * to list all spells.
Aiming: Sandblast (safe; 1% risk of failure)
Press: ? - help, Shift-Dir - straight line, f - gnoll
Aim: a gnoll, wielding a +1 spear of freezing (87% to hit)
You feel a surge of power!
The blast of sand hits the gnoll!!
You kill the gnoll!
The gnoll hits you from afar with a +0 halberd!
You die...

#...#.# # ####...#.# #
#......#.# ###♣♣ # #♣........#
....♣♣P .......#.#######
........# .♣.....#.......#
........### .#.....#..####.#
.........?.
..........####.######)..........
>...............@.g.).........
.♣#♣#♣.###########.##.......
.........## #.....######P##
.....♣#...## #.....##....♣
...........# #..........♣♣
.....♣...#........###...♣
.........# ###........#.♣♣
.♣.♣+♣...# #....###..P.♣ #
...##....# ##### #....PP♣ ..


You could see a gnoll.

Vanquished Creatures
  A jelly (D:4)
  A gnoll bouda (D:4)
  A hound (D:4)
  An orc priest (D:3)
  Natasha (D:2)
  An orc wizard (D:3)
  7 gnolls (D:4)
  6 adders
  3 worms
  5 dart slugs
  5 orcs (D:3)
  9 bats
  8 endoplasms
  3 giant cockroaches
  8 goblins
  9 hobgoblins
  3 jackals (D:1)
  A quokka (D:3)
  7 ball pythons
  5 frilled lizards
  8 kobolds
  4 rats
97 creatures vanquished.

Vanquished Creatures (others)
  2 plants (D:4)
  2 withered plants (D:1)
4 creatures vanquished.

Grand Total: 101 creatures vanquished

Notes
Turn   | Place    | Note
-------+----------+-------------------------------------------
     0 | D:1      | Spolavi the Gargoyle Earth Elementalist began the quest for
                  | the Orb.
     0 | D:1      | Reached XP level 1. HP: 10/10 MP: 3/3
   151 | D:1      | Reached skill level 4 in Earth Magic
   155 | D:1      | Reached XP level 2. HP: 15/15 MP: 1/5
   726 | D:1      | Reached XP level 3. HP: 19/19 MP: 4/6
   792 | D:1      | Found a faded altar of an unknown god.
  1121 | D:1      | Learned a level 2 spell: Passwall
  1956 | D:2      | Reached skill level 5 in Earth Magic
  2059 | D:2      | Reached XP level 4. HP: 24/24 MP: 3/8
  2443 | D:2      | Noticed Natasha
  2458 | D:2      | Killed Natasha
  2847 | D:3      | Reached XP level 5. HP: 28/28 MP: 9/9
  2946 | D:3      | Reached skill level 6 in Earth Magic
  3701 | D:3      | Reached XP level 6. HP: 32/32 MP: 12/12
  4326 | D:4      | Slain by a gnoll

Illustrated notes

Levels and vault maps discovered:
D:1:      saegor_arrival_under_anarchy, layout_basic,
          ebering_ecumenical_altar_petrified, palyth_stone_intersect,
          moated_statue, kennysheep_small_spiral, minmay_hedge_maze
D:2:      layout_basic, uniq_natasha
D:3:      layout_rooms, minmay_checkerbox
D:4:      layout_basic, serial_forest, infiniplex_forest_lined_room_,
          infiniplex_forest_lined_corner, infiniplex_forest_lined_3,
          infiniplex_forest_clump_long, infiniplex_forest_split,
          infiniplex_forest_lined_ring, infiniplex_forest_lined_room_2,
          infiniplex_forest_diagonal, infiniplex_forest_clump_tiny,
          minmay_goblin_outpost, uniq_sigmund, uniq_blork_the_orc

Skill      XL: |  1  2  3  4  5 |
---------------+----------------+-----
Earth Magic    | 4 5 6 |  6.8
Spellcasting   | 3 4 |  4.5
Fighting       | |  0.4
Staves         | |  0.5
Dodging        | |  1.5
Stealth        | |  2.1
Transmutations | |  0.7

Action                   |  1- 3 |  4- 6 || total
-------------------------+-------+-------++-------
Melee: Club              |    72 |       ||    72
       Punch             |     2 |       ||     2
       Staff             |    31 |   127 ||   158
 Cast: Sandblast         |    38 |    70 ||   108
 Stab: Sleeping          |     2 |       ||     2
Armor: Robe              |    56 |       ||    56
       Leather armour    |       |    33 ||    33
Dodge: Dodged            |    76 |    56 ||   132
